 Dungeon Crawl Stone Soup version 0.22.1-2-g9c5b331 (webtiles) character file.

44 Gearfox the Firebug (level 3, -1/26 HPs)
             Began as a Draconian Fire Elementalist on Dec 11, 2018.
             Slain by an adder (5 damage)
             ... on level 2 of the Dungeon.
             The game lasted 00:04:25 (2163 turns).

Gearfox the Firebug (Draconian Fire Elementalist)   Turns: 2163, Time: 00:04:26

Health: -1/26      AC:  5    Str: 10    XL:     3   Next: 39%
Magic:  1/6        EV: 12    Int: 16    God:
Gold:   63         SH:  0    Dex: 11    Spells: 3/6 levels left

rFire    . . .     SeeInvis .   (no weapon)
rCold    . . .     Gourm    .   (no shield)
rNeg     . . .     Faith    .   (armour unavailable)
rPois    .         Spirit   .   (helmet restricted)
rElec    .         Reflect  .   (no cloak)
rCorr    .         Harm     .   (no gloves)
MR       .....                  (no boots)
Stlth    ++........             (no amulet)
HPRegen  0.08/turn              (no ring)
MPRegen  0.10/turn              (no ring)

@: lethally poisoned (-1 -> -9), very slightly contaminated
A: unfitting armour, cold-blooded, AC +5
a: no special abilities


You were on level 2 of the Dungeon.
You were not hungry.

You visited 1 branch of the dungeon, and saw 2 of its levels.

You collected 63 gold pieces.

Inventory:

Scrolls
 e - a scroll of teleportation {unknown}
 f - a scroll of enchant armour {unknown}
 g - a scroll of amnesia {unknown}
Potions
 a - 2 potions of brilliance {unknown}
 d - 2 potions of heal wounds {unknown}
 h - a potion of flight {unknown}
Comestibles
 b - 3 rations
 c - 3 chunks of flesh


   Skills:
 - Level 1.7 Dodging
 - Level 1.7 Stealth
 * Level 2.4 Spellcasting
 + Level 1.2 Conjurations
 * Level 4.1 Fire Magic


You had 3 spell levels left.
You knew the following spells:

 Your Spells              Type           Power        Failure   Level  Hunger
a - Flame Tongue          Conj/Fire      ##...        7%          1    #......
b - Throw Flame           Conj/Fire      ##....       10%         2    ###....

Your spell library contained the following spells:

 Spells                   Type           Power        Failure   Level  Hunger
 Conjure Flame            Conj/Fire      ##......     21%         3    ###....
 Inner Flame              Hex/Fire       #.......     26%         3    ###....
 Sticky Flame             Conj/Fire      ##......     54%         4    #####..
 Fireball                 Conj/Fire      ##........   88%         5    ######.


Dungeon Overview and Level Annotations

Branches:
Dungeon (2/15)

Altars:


Innate Abilities, Weirdness & Mutations

Your plain brown scales are hard. (AC +5)
You cannot fit into any form of body armour.
You are cold-blooded and may be slowed by cold attacks.


Message History

You are poisoned.
The adder poisons you!
The crimson imp blinks!
The adder barely misses you.
You hit the adder but do no damage.
The adder is lightly wounded.
You feel sick. The adder barely misses you. The adder bites you.
* * * LOW HITPOINT WARNING * * *
You are more poisoned.
The adder poisons you! The adder bites you but does no damage.
You closely miss the adder.
Your tail-slap misses the adder.
The adder is lightly wounded.
* * * LOW HITPOINT WARNING * * *
You feel sick. The adder barely misses you. The crimson imp closely misses you.
The adder closely misses you.
You hit the adder.
Your tail-slap misses the adder.
The adder is moderately wounded.
* * * LOW HITPOINT WARNING * * *
You feel sick. The adder barely misses you. The adder closely misses you.
The crimson imp hits you but does no damage.
The adder bites you.
You die...

#.#...###....#.# #..#
#.###..###..##.# ##..#
#.....###.# ##...##
###. #.#.#.# #?#
#.....##### ....
#.#.#.# #.#
#.........# ###.
..#.#.# #.#
#.....###.#
####.#.###.####...####
#.#<..SS5K........#
##.#....@####...##....
####..##.#######...#
#..
#........#.........# #
#.##.##........>...# #
#.###.#.######..# #.#
#.#.######..# #.#
#.#.#.......# ..#
#.#...####''#### ###
#.#..##≈≈≈..≈≈≈##


You could see a crimson imp, 2 adders and a kobold.

Vanquished Creatures
  2 dart slugs (D:1)
  6 hobgoblins (D:1)
  2 jackals (D:1)
  3 kobolds
  A quokka (D:2)
  7 bats
  2 frilled lizards (D:1)
  6 goblins
  12 rats
41 creatures vanquished.

Notes
Turn   | Place    | Note
-------+----------+-------------------------------------------
     0 | D:1      | Gearfox the Draconian Fire Elementalist began the quest for
                  | the Orb.
     0 | D:1      | Reached XP level 1. HP: 14/14 MP: 3/3
   270 | D:1      | Reached XP level 2. HP: 20/20 MP: 1/5
   378 | D:1      | Learned a level 2 spell: Throw Flame
  1412 | D:1      | Reached skill level 4 in Fire Magic
  1496 | D:1      | Reached XP level 3. HP: 26/26 MP: 1/6
  2163 | D:2      | Slain by an adder

Skill      XL: |  1  2 |
---------------+-------+-----
Fire Magic     | 4 |  4.1
Dodging        | |  1.7
Stealth        | |  1.7
Spellcasting   | |  2.4
Conjurations   | |  1.2

Action                   || total
-------------------------++-------
Melee: Unarmed           ||    20
 Cast: Flame Tongue      ||    37
       Throw Flame       ||    27
  Eat: Chunk             ||     6
Armor: Skin              ||    34
Dodge: Dodged            ||    76
